 Dungeon Crawl Stone Soup version 0.30-a0-354-g6b83867211 (webtiles) character file.

Game seed: 2743407682745496152

28 hikkokomori the Digger (level 3, -3/19 HPs)
             Began as a Gargoyle Earth Elementalist on Nov 8, 2022.
             Slain by an iguana (5 damage)
             ... on level 2 of the Dungeon.
             The game lasted 00:01:37 (835 turns).

hikkokomori the Digger (Gargoyle Earth Elementalist) Turns: 835, Time: 00:01:38

Health: -3/19      AC:  6    Str: 11    XL:     3   Next: 14%
Magic:  5/6        EV: 12    Int: 17    God:
Gold:   69         SH:  0    Dex: 10    Spells: 6/7 levels left

rFire   . . .      SeeInvis .    l - +1 whip (venom)
rCold   . . .      Faith    .    (no shield)
rNeg    + . .      Spirit   .    a - +0 robe
rPois   ∞          Reflect  .    (no helmet)
rElec   +          Harm     .    (no cloak)
rCorr   .          Rampage  .    (no gloves)
Will    .....                    f - +0 pair of boots
Stlth   ++........               c - amulet of magic regeneration
HPRegen 0.23/turn                (no ring)
MPRegen 0.50/turn                (no ring)

@: no status effects
A: sickness immunity, AC +3, negative energy resistance 1, electricity
resistance, torment resistance 1, petrification resistance
a: no special abilities


You were on level 2 of the Dungeon.
You visited 1 branch of the dungeon, and saw 2 of its levels.

You collected 69 gold pieces.

Inventory:

Hand Weapons
 d - a +0 dagger
 l - a +1 whip of venom (weapon)
Armour
 a - a +0 robe (worn)
 f - a +0 pair of boots (worn)
Jewellery
 c - an amulet of magic regeneration (around neck)
 g - a ring of fire
Scrolls
 h - a scroll of teleportation {unknown}
 k - a scroll of fear {unknown}
Potions
 b - a potion of magic
 e - a potion of resistance {unknown}
 j - 2 potions of attraction {unknown}


   Skills:
 - Level 1.6 Dodging
 - Level 2.2 Stealth
 + Level 2.6 Spellcasting
 - Level 0.8 Transmutations
 + Level 4.3 Earth Magic


You had 6 spell levels left.
You knew the following spells:

 Your Spells              Type           Power      Damage    Failure   Level
a - Sandblast             Erth           34%        2d9       3%          1

Your spell library contained the following spells:

 Spells                   Type           Power      Damage    Failure   Level
 Passwall                 Tmut/Erth      9%         N/A       10%         2
 Stone Arrow              Conj/Erth      18%        3d8       22%         3
 Petrify                  Tmut/Erth      11%        N/A       52%         4


Dungeon Overview and Level Annotations

Branches:
Dungeon (2/15)

Altars:


Innate Abilities, Weirdness & Mutations

You are immune to sickness and miasma.
Your stone body is resilient. (AC +3)
You are immune to poison.
You resist negative energy. (rN+)
You are resistant to electric shocks. (rElec)
You are resistant to unholy torment.
You are immune to petrification.


Message History

There are monsters nearby!
You closely miss the kobold. The kobold closely misses you.
The blast of sand hits the kobold.
The kobold is heavily wounded.
The kobold hits you with a +0 dagger.
The blast of sand hits the kobold.
You kill the kobold!
The iguana bites you but does no damage.
The iguana barely misses you.
The blast of sand hits the iguana.
The iguana is lightly wounded.
The giant cockroach barely misses you. x2; The ball python closely misses you.
The ball python grabs you. The ball python constricts you.
The iguana barely misses you.
The blast of sand hits the ball python!
You kill the ball python!
The giant cockroach closely misses you.
The iguana bites you but does no damage.
The giant cockroach bites you. The iguana completely misses you.
The kobold misses you.
The blast of sand hits the iguana but does no damage.
The iguana is lightly wounded.
The giant cockroach closely misses you.
The kobold hits you with a +0 short sword.
The iguana misses you. The giant cockroach closely misses you.
The blast of sand hits the iguana but does no damage.
The iguana is lightly wounded.
The kobold hits you with a +0 short sword.
The giant cockroach misses you. The iguana barely misses you.
The kobold hits you but does no damage. The iguana bites you!
* * * LOW HITPOINT WARNING * * *
The giant cockroach closely misses you.
Casting: Sandblast (safe; 3% risk of failure)
Confirm with . or Enter, or press ? or * to list all spells.
You don't know that spell.
As you read the scroll labelled ATIASCH DUOCLE, it crumbles to dust.
You feel aware of your surroundings.
It was a scroll of magic mapping.
The giant cockroach bites you but does no damage.
The kobold closely misses you. The iguana bites you.
You die...

####### ##.....## *****
##..!....## ,,,,*
#....$....# *,,**
#$.@K....<# *,**
#..lB.....# ,,*
#..>......# ,**
****#.....(...# **
*****,,,...?......#
******,,,,,*##.........#
,,,,,,,,,,,,,..........#
****,,******##.........#
****,** *,,,,,,,,,*


You could see an iguana, a giant cockroach and a kobold.

Vanquished Creatures
  A dart slug (D:1)
  An endoplasm (D:1)
  A giant cockroach (D:1)
  4 goblins (D:1)
  A hobgoblin (D:1)
  2 jackals (D:1)
  3 kobolds
  2 quokkas (D:1)
  3 ball pythons
  A bat (D:1)
  A frilled lizard (D:1)
  3 rats (D:1)
23 creatures vanquished.

Notes
Turn   | Place    | Note
-------+----------+-------------------------------------------
     0 | D:1      | hikkokomori the Gargoyle Earth Elementalist began the quest
                  | for the Orb.
     0 | D:1      | Reached XP level 1. HP: 10/10 MP: 3/3
   130 | D:1      | Reached XP level 2. HP: 15/15 MP: 5/5
   142 | D:1      | Reached skill level 4 in Earth Magic
   475 | D:1      | Found a faded altar of an unknown god.
   587 | D:1      | Reached XP level 3. HP: 19/19 MP: 4/6
   835 | D:2      | Slain by an iguana

Illustrated notes

Levels and vault maps discovered:
D:1:      dpeg_arrival_prison, layout_loops_ring,
          ebering_ecumenical_altar_abandoned
D:2:      layout_rooms, dk_vineyard_3, amcnicky_mini_corridor_feature

Skill      XL: |  1  2 |
---------------+-------+-----
Earth Magic    | 4 |  4.3
Dodging        | |  1.6
Stealth        | |  2.2
Spellcasting   | |  2.6
Transmutations | |  0.8

Action                   || total
-------------------------++-------
Melee: Unarmed           ||    19
       Dagger            ||    14
       Whip              ||     1
 Cast: Sandblast         ||    30
  Use: Scroll            ||     1
 Stab: Sleeping          ||     2
Armor: Robe              ||    11
Dodge: Dodged            ||    48

Table legend: (Time is in decaauts)
 A = Elapsed time spent in this place.
 B = Non-inter-level travel time spent in this place.
 C = Inter-level travel time spent in this place.
 D = Time resting spent in this place.
 E = Time spent auto-exploring this place.
 F = Levels seen in this place.
 G = Mean time per level.
                   A        B        C        D        E       F      G
               +--------+--------+--------+--------+--------+-----+--------+
         Total |    848 |    808 |     40 |      0 |    635 |   2 |  424.0 |
       Dungeon |    848 |    808 |     40 |      0 |    635 |   2 |  424.0 |
               +--------+--------+--------+--------+--------+-----+--------+

Top non-repeatable levels by time:
     D:1: 838 daAuts
     D:2: 10 daAuts
